 Dungeon Crawl Stone Soup version 0.23-a0-296-ga3b1b28 (webtiles) character file.

128 galech the Covered (level 4, -4/35 HPs)
             Began as a Demonspawn Fighter on Oct 5, 2018.
             Was an Initiate of Okawaru.
             Killed by nerve-wracking pain
             ... invoked by Jessica
              (9 damage)
             ... on level 3 of the Dungeon.
             The game lasted 00:03:01 (1796 turns).

galech the Covered (Demonspawn Fighter)             Turns: 1796, Time: 00:03:02

Health: -4/35      AC:  9    Str: 16    XL:     4   Next: 86%
Magic:  0/4        EV:  4    Int:  9    God:    Okawaru [......]
Gold:   187        SH: 10    Dex: 17    Spells: 3/3 levels left

rFire    . . .     SeeInvis .   i - -3 hand axe (curse)
rCold    . . .     Gourm    .   c - +1 shield
rNeg     . . .     Faith    .   s - +0 chain mail
rPois    .         Spirit   +   q - -2 helmet (curse)
rElec    .         Reflect  .   (no cloak)
rCorr    .         Harm     .   e - +0 pair of gloves
MR       .....                  (no boots)
Stlth    ..........             (no amulet)
HPRegen  0.11/turn              n - +3 ring of dexterity
MPRegen  0.09/turn              (no ring)

@: slowed, very slow
A: spiny 1, magic shield
a: Renounce Religion


You were on level 3 of the Dungeon.
You worshipped Okawaru.
Okawaru was noncommittal.
You were very hungry.

You visited 1 branch of the dungeon, and saw 3 of its levels.

You collected 187 gold pieces.

Inventory:

Hand Weapons
 a - a +0 war axe
 i - a cursed -3 hand axe (weapon)
Armour
 c - a +1 shield (worn)
 e - a +0 pair of gloves (worn)
 q - a cursed -2 helmet (worn)
 s - a +0 chain mail (worn)
Jewellery
 n - a +3 ring of dexterity (left hand)
Scrolls
 b - a scroll of noise {unknown}
 l - 2 scrolls of identify
 r - a scroll of teleportation
 t - 2 scrolls of enchant armour
Potions
 d - 3 potions of might
 g - a potion of heal wounds {unknown}
 h - a potion of agility {unknown}
 j - 3 potions of curing {unknown}
 k - a potion of cancellation {unknown}
 m - a potion of mutation {unknown}
 o - a potion of brilliance {unknown}
 p - 2 potions of lignification
Comestibles
 f - 3 rations


   Skills:
 + Level 3.2 Fighting
 + Level 3.1 Axes
 + Level 3.5 Armour
 + Level 0.2 Dodging
 + Level 3.4 Shields


You had 3 spell levels left.
You didn't know any spells.
Your spell library was empty.

Dungeon Overview and Level Annotations

Branches:
Dungeon (3/15)

Altars:
Ashenzari
Makhleb
Okawaru
Trog
Vehumet

Annotations:
D:3 Jessica


Innate Abilities, Weirdness & Mutations

You are partially covered in sharp spines.
When hurt, damage is shared between your health and your magic reserves.


Message History

You are too injured to fight recklessly!
You are too injured to fight recklessly!
You are too injured to fight recklessly!
You are too injured to fight recklessly!
You are too injured to fight recklessly!
You are too injured to fight recklessly!
You are too injured to fight recklessly!
You block Jessica's attack.
Jessica gestures wildly while chanting.
Jessica blinks!
Jessica mumbles some strange words.
Jessica blinks!
Jessica casts a spell.
Jessica blinks!
Jessica casts a spell at you. Pain shoots through your body!
* * * LOW HITPOINT WARNING * * *
Jessica casts a spell at you. Pain shoots through your body!
You die...

#.........# #.........#
#.........# #.........#
#......... ##.......##
#.........#
#.........########.
#.....@............ ...
#...@...†............#.
#................. ....
##............### ....
##.....###.#...####...
####### #.###..##...#
#..###....#.#
##..#.......#
##...##[.#.#


You could see Jessica.

Vanquished Creatures
  Ijyb (D:3)
  Robin (D:2)
  3 adders
  An ooze (D:1)
  2 worms (D:2)
  An orc (D:3)
  2 giant cockroaches
  15 goblins
  6 hobgoblins
  A quokka (D:2)
  7 bats
  A frilled lizard (D:3)
  6 kobolds
  6 rats
53 creatures vanquished.

Notes
Turn   | Place    | Note
-------+----------+-------------------------------------------
     0 | D:1      | galech the Demonspawn Fighter began the quest for the Orb.
     0 | D:1      | Reached XP level 1. HP: 18/18 MP: 1/1
   248 | D:1      | Gained mutation: You are partially covered in sharp spines.
                  | [demonic ancestry]
   248 | D:1      | Reached XP level 2. HP: 23/24 MP: 2/2
   639 | D:2      | Noticed Robin
   642 | D:2      | Reached XP level 3. HP: 28/29 MP: 3/3
   674 | D:2      | Killed Robin
   756 | D:2      | Found a bloodstained altar of Trog.
   959 | D:2      | Found a shattered altar of Ashenzari.
  1290 | D:2      | Found a radiant altar of Vehumet.
  1293 | D:2      | Found an iron altar of Okawaru.
  1301 | D:2      | Became a worshipper of Warmaster Okawaru
  1307 | D:2      | Found a burning altar of Makhleb.
  1359 | D:2      | Gained mutation: When hurt, damage is shared between your
                  | health and your magic reserves. [demonic ancestry]
  1359 | D:2      | Reached XP level 4. HP: 18/35 MP: 4/4
  1649 | D:3      | Noticed Ijyb
  1655 | D:3      | Paralysed by Ijyb for 7 turns
  1665 | D:3      | Paralysed by Ijyb for 2 turns
  1670 | D:3      | Paralysed by Ijyb for 6 turns
  1684 | D:3      | Paralysed by Ijyb for 3 turns
  1700 | D:3      | Killed Ijyb
  1780 | D:3      | Noticed Jessica
  1796 | D:3      | Killed from afar by Jessica

Vault maps used:
D:1:      scummos_arrival_forest, feat_on_display
D:2:      lemuel_doored_altar, evilmike_ruin_ashenzari,
          minmay_overflow_temple_star_quad, nrook_mini_vaults, uniq_robin
D:3:      grunt_gozag_statues, nicolae_dithmenos_through_a_glass_darkly,
          uniq_grinder, uniq_ijyb, uniq_jessica

Skill      XL: |  1  2  3  4 |
---------------+-------------+-----
Axes           | 2 3 |  3.1
Armour         | 3 |  3.5
Shields        | 3 |  3.4
Fighting       | |  3.2
Dodging        | |  0.2

Action                   |  1- 3 |  4- 6 || total
-------------------------+-------+-------++-------
Melee: War axe           |    30 |       ||    30
       Hand axe          |   128 |    61 ||   189
  Use: Scroll            |     4 |       ||     4
  Eat: Chunk             |     1 |     1 ||     2
Armor: Scale mail        |    74 |    26 ||   100
       Chain mail        |       |     9 ||     9
Dodge: Dodged            |    38 |     6 ||    44
Block: Shield            |    72 |    33 ||   105

Table legend:
 A = Non-vault XP
 B = Vault XP
 C = Vault XP percentage of total XP
 D = Non-vault monster count
 E = Vault monster count
 F = Vault count percentage of total count
                 A         B        C        D         E       F
            +---------+---------+-------+---------+---------+-------
      Total |     113 |      70 |  38.3 |      41 |      12 |  22.6
            +---------+---------+-------+---------+---------+-------
        D:1 |      30 |       0 |   0.0 |      16 |       0 |   0.0
        D:2 |      46 |      35 |  43.2 |      17 |      11 |  39.3
        D:3 |      37 |      35 |  48.6 |       8 |       1 |  11.1
            +---------+---------+-------+---------+---------+-------
